 Dungeon Sprint DCSS version 0.30-a0-219-gf2db51d15e (webtiles) character file.

Game seed: 16654804610199891255

74 rocky1 the Grasshopper (level 4, 0/63 HPs)
             Began as a Naga Warper on Oct 8, 2022.
             Was a Believer of Cheibriados.
             Slain by an ice beast (11 damage)
             ... in the Dungeon (Sprint VII: "The Pits").
             The game lasted 00:02:21 (346 turns).

rocky1 the Grasshopper (Naga Warper)                 Turns: 346, Time: 00:02:21

Health: 0/63       AC:  3    Str: 20    XL:     4   Next: 30%
Magic:  9/9        EV: 10    Int: 21    God:    Cheibriados [**....]
Gold:   0          SH:  0    Dex: 16    Spells: 1/10 levels left

rFire   . . .      SeeInvis +    m - +2 trident
rCold   . . .      Faith    .    (no shield)
rNeg    . . .      Spirit   .    b - +0 leather armour
rPois   +          Reflect  .    (no helmet)
rElec   .          Harm     .    (no cloak)
rCorr   .          Rampage  .    (no gloves)
Will    .....      NoTele   +    (no barding)
Stlth   ..........               (no amulet)
HPRegen 0.30/turn                (no ring)
MPRegen 0.11/turn                (no ring)

@: berserking (expiring), very slow
A: AC +1, large, see invisible, deformed body, poison resistance, slowness 2,
spit poison 1, naga tail 1
a: Spit Poison, Renounce Religion, Bend Time


You were in the Dungeon.
You worshipped Cheibriados.
Cheibriados was pleased with you.
You visited 1 branch

Inventory:

Hand Weapons
 a - a +0 spear
 m - a +2 trident (weapon)
Missiles
 d - 7 boomerangs of dispersal (quivered)
Armour
 b - a +0 leather armour (worn)
Scrolls
 c - 2 scrolls of blinking
 k - 5 scrolls of amnesia
 l - a scroll of summoning
Potions
 f - a potion of heal wounds
 g - a potion of haste
 h - 4 potions of magic
 i - 2 potions of berserk rage
 j - 2 potions of invisibility


   Skills:
 + Level 3.1 Fighting
 * Level 4.0 Polearms
 - Level 0.8 Throwing
 + Level 2.0 Armour
 + Level 2.5 Dodging
 + Level 3.6 Stealth
 * Level 3.7 Spellcasting
 * Level 4.6 Translocations


You had one spell level left.
You knew the following spells:

 Your Spells              Type           Power      Damage    Failure   Level
a - Blink                 Tloc           46%        N/A       3%          2
b - Vhi's Electric Charg  Tloc/Air       26%        N/A       16%         3
c - Manifold Assault      Tloc           23%        N/A       22%         4

Your spell library contained the following spells:

 Spells                   Type           Power      Damage    Failure   Level
 Lesser Beckoning         Tloc           46%        N/A       6%          3
 Teleport Other           Tloc           23%        N/A       6%          3


Dungeon Overview and Level Annotations

Branches:
Dungeon (1/1)

Altars:
Ashenzari
Cheibriados
Dithmenos
Elyvilon
Fedhas
Gozag
Hepliaklqana
Kikubaaqudgha
Makhleb
Nemelex Xobeh
Okawaru
Qazlal
Ru
Sif Muna
Trog
Uskayaw
Vehumet
Wu Jian
Xom
Yredelemnul
Zin
The Shining One
Jiyva
Lugonu


Innate Abilities, Weirdness & Mutations

Your serpentine skin is tough. (AC +1)
You have supernaturally acute eyesight. (SInv)
Armour fits poorly on your strangely shaped body.
Your system is resistant to poisons. (rPois)
You cover ground very slowly.
You can spit poison.
You have a snake-like lower body.


Message History

You reach to attack!
You hit the ice beast.
The ice beast is lightly wounded.
You hit the ice beast.
The ice beast is moderately wounded.
The ice beast barely misses you.
You puncture the ice beast!
The ice beast is heavily wounded.
The quokka closely misses you. The ice beast hits you.
The ice beast freezes you!
The quokka bites you but does no damage.
You hit the ice beast but do no damage.
The ice beast is heavily wounded.
The ice beast closely misses you. The quokka barely misses you.
You closely miss the ice beast.
The ice beast is heavily wounded.
The quokka bites you. The ice beast hits you. The ice beast freezes you!
You are too injured to fight recklessly!
You are too injured to fight recklessly!
A red film seems to cover your vision as you go berserk!
Cheibriados forces you to slow down.
You feel mighty!
The quokka bites you but does no damage.
The ice beast hits you. The ice beast freezes you!
* * * LOW HITPOINT WARNING * * *
Unknown command.
You puncture the ice beast!
The ice beast is severely wounded.
The quokka bites you but does no damage.
The ice beast closely misses you. The quokka bites you.
* * * LOW HITPOINT WARNING * * *
You closely miss the ice beast.
The ice beast is severely wounded.
The ice beast barely misses you. The quokka bites you.
* * * LOW HITPOINT WARNING * * *
You puncture the ice beast!
The ice beast is almost dead.
The ice beast hits you.
* * * LOW HITPOINT WARNING * * *
The ice beast freezes you!
You die...

#...........†.........
#+#####'#####......#..
#..#..# #.........
#..)..# ####'#####
#..#### #.......#
#..#..# #.......#
#..#..# #.......#
##'#Y.#+###...<...#
#..@r....##.......#
#........##.......#
###########.......#
#########


You could see an ice beast and a quokka.

Vanquished Creatures
  A scorpion (D)
  An adder (D)
  An adder skeleton (D)
  A bat skeleton (D)
  2 frilled lizards (D)
  A goblin (D)
  A quokka zombie (D)
8 creatures vanquished.

Notes
Turn   | Place    | Note
-------+----------+-------------------------------------------
     0 | D        | rocky1 the Naga Warper began the quest for the Orb.
     0 | D        | Reached XP level 1. HP: 19/19 MP: 3/3
    43 | D        | Found a bloodstained altar of Trog.
    43 | D        | Found a shimmering blue altar of Sif Muna.
    43 | D        | Found a viscous altar of Jiyva.
    43 | D        | Found a hazy altar of Hepliaklqana.
    43 | D        | Found an opulent altar of Gozag.
    44 | D        | Found a glowing golden altar of the Shining One.
    44 | D        | Found a glowing silver altar of Zin.
    44 | D        | Found a basalt altar of Yredelemnul.
    44 | D        | Found a shimmering altar of Xom.
    44 | D        | Found an ornate altar of the Wu Jian Council.
    44 | D        | Found a sacrificial altar of Ru.
    44 | D        | Found a stormy altar of Qazlal.
    44 | D        | Found an iron altar of Okawaru.
    44 | D        | Found a sparkling altar of Nemelex Xobeh.
    44 | D        | Found a burning altar of Makhleb.
    44 | D        | Found a blossoming altar of Fedhas.
    44 | D        | Found a white marble altar of Elyvilon.
    44 | D        | Found a shadowy altar of Dithmenos.
    44 | D        | Found a snail-covered altar of Cheibriados.
    48 | D        | Found a corrupted altar of Lugonu.
    48 | D        | Found a radiant altar of Vehumet.
    49 | D        | Found a broken altar of Ashenzari.
    49 | D        | Found an ancient bone altar of Kikubaaqudgha.
    49 | D        | Found a hide-covered altar of Uskayaw.
    55 | D        | Became a worshipper of Cheibriados the Contemplative
    72 | D        | Noticed a scorpion
    77 | D        | Killed a scorpion
    78 | D        | Reached skill level 1 in Armour
    78 | D        | Reached XP level 2. HP: 14/28 MP: 3/6
    78 | D        | Reached XP level 3. HP: 17/34 MP: 4/8
    78 | D        | Reached XP level 4. HP: 21/42 MP: 4/9
    83 | D        | Reached * piety under Cheibriados
   279 | D        | Reached ** piety under Cheibriados
   325 | D        | Learned a level 2 spell: Blink
   329 | D        | Learned a level 3 spell: Vhi's Electric Charge
   334 | D        | Learned a level 4 spell: Manifold Assault
   336 | D        | Noticed an ice beast
   346 | D        | Slain by an ice beast

Illustrated notes

Levels and vault maps discovered:
D:        pitsprint [storerooms_1, entrance_room_1, metal_vault_2, armoury_2,
          mini_pit_1, grid_room_1, main_hall_1, silver_pit, the_coven_3,
          the_vestibule_1, steel_vault_2, golden_pit, hallway_of_sentries,
          crystal_vault_2, iron_vault_3, final_vault]

Skill      XL: |  1  2  3  4 |
---------------+-------------+-----
Fighting       | 3 |  3.1
Polearms       | 3 4 |  4.0
Armour         | 1 2 |  2.0
Dodging        | 2 |  2.5
Stealth        | 3 |  3.6
Spellcasting   | 3 |  3.7
Translocations | 4 |  4.6
Throwing       | |  0.8

Action                   |  1- 3 |  4- 6 || total
-------------------------+-------+-------++-------
Melee: Trident           |     3 |    29 ||    32
       Spear             |     2 |       ||     2
 Abil: Spit Poison       |     1 |       ||     1
  Use: Potion            |     1 |     1 ||     2
Armor: Leather armour    |     1 |     8 ||     9
Dodge: Dodged            |       |    14 ||    14

Table legend: (Time is in decaauts)
 A = Elapsed time spent in this place.
 B = Non-inter-level travel time spent in this place.
 C = Inter-level travel time spent in this place.
 D = Time resting spent in this place.
 E = Time spent auto-exploring this place.
 F = Levels seen in this place.
 G = Mean time per level.
                   A        B        C        D        E       F      G
               +--------+--------+--------+--------+--------+-----+--------+
         Total |    392 |    392 |      0 |    210 |      0 |   1 |  392.0 |
       Dungeon |    392 |    392 |      0 |    210 |      0 |   1 |  392.0 |
               +--------+--------+--------+--------+--------+-----+--------+

Top non-repeatable levels by time:
       D: 392 daAuts
